 Dungeon Crawl Stone Soup version 0.20.1-1-g8b1a95d (webtiles) character file.

283 Gremour the Carver (level 6, -1/76 HPs)
             Began as a Minotaur Monk on Dec 23, 2017.
             Slain by Edmund
             ... wielding a +5 flail of protection
              (7 damage)
             ... on level 5 of the Dungeon.
             The game lasted 00:13:50 (3323 turns).

Gremour the Carver (Minotaur Monk)                  Turns: 3323, Time: 00:13:51

Health: -1/76      AC: 23    Str: 13    XL:     6   Next: 7%
Magic:  4/4        EV:  2    Int: 12    God:
Gold:   96         SH:  0    Dex: 24    Spells: 5/5 levels left

rFire    . . .     SeeInvis .   a - +0 falchion
rCold    . . .     Gourm    .   (no shield)
rNeg     + + +     Faith    .   (armour currently unavailable)
rPois    +         Spirit   .   (helmet unavailable)
rElec    .         Reflect  .   (cloak currently unavailable)
rCorr    .         Harm     .   (gloves currently unavailable)
MR       .....     NoTele   +   (boots currently unavailable)
Stlth    +++.......             (no amulet)
Regen    0.3/turn               p - ring of positive energy
MPRegen  0.1/turn               b - +4 ring of dexterity

@: brilliant, agile, tree-form, hasted, very quick
A: (retaliatory headbutt), deterioration 1, low mp 1, weak 1
a: no special abilities


You were on level 5 of the Dungeon.
You were not hungry.
You were a tree.
You visited 1 branch of the dungeon, and saw 5 of its levels.

You collected 96 gold pieces.

Inventory:

Hand Weapons
 a - a +0 falchion (weapon)
Armour
 r - the +1 leather armour of Restlessness {Regen+ rCorr}
   (You found it on level 4 of the Dungeon)

   It increases your rate of regeneration.
   It protects you from acid and corrosion.
 u - a +0 chain mail of cold resistance (melded)
Jewellery
 b - a +4 ring of dexterity (right branch)
 p - a ring of positive energy (left branch)
Scrolls
 e - 2 scrolls of remove curse
 f - a scroll of amnesia {unknown}
 h - a scroll of enchant armour {unknown}
 k - a scroll of blinking {unknown}
 n - a scroll of teleportation {unknown}
 s - a scroll of fog
 v - a scroll of immolation {unknown}
 w - a scroll of identify
Potions
 l - 2 potions of agility
Comestibles
 c - 3 bread rations
 i - 2 meat rations


   Skills:
 - Level 3.6 Fighting
 + Level 8.2 Long Blades
 - Level 3.2 Dodging
 - Level 1.5 Stealth


You had 5 spell levels left.
You didn't know any spells.

Dungeon Overview and Level Annotations

Branches:
Dungeon (5/15)
 Temple: D:4-7

Altars:

Annotations:
D:5 Edmund


Innate Abilities, Weirdness & Mutations

((You reflexively headbutt those who attack you in melee.))
((You have a pair of large horns on your head.))
Your body sometimes deteriorates upon taking damage.
Your magical capacity is low. (-10% MP)
You are weak. (Str -2)


Message History

Edmund is heavily wounded.
You closely miss Edmund.
Edmund is heavily wounded.
Edmund hits you but does no damage.
You hit Edmund but do no damage.
Edmund is heavily wounded.
You hit Edmund.
Edmund is heavily wounded.
Edmund hits you but does no damage.
You barely miss Edmund.
Edmund is heavily wounded.
You hit Edmund.
Edmund is severely wounded.
Edmund hits you but does no damage.
You closely miss Edmund.
Edmund is heavily wounded.
You hit Edmund.
Edmund is severely wounded.
Edmund hits you with a flail of protection!
You die...

##############
.......♣@....#
############.#
###########
#.#
.......)<)#
#.#
#########.#
#@# #)# #.#
#.# #.# #.#
#.#
#.#######.#


You could see Edmund.

Vanquished Creatures
  An ogre (D:5)
  A hound (D:5)
  An orc wizard (D:3)
  2 worker ants
  An ooze (D:2)
  A worm (D:2)
  A leopard gecko (D:3)
  10 orcs
  4 giant cockroaches
  8 goblins
  9 hobgoblins
  6 kobolds
  A quokka (D:3)
  2 ball pythons (D:3)
  10 bats
  5 frilled lizards
  8 rats
71 creatures vanquished.

Notes
Turn   | Place    | Note
-------+----------+-------------------------------------------
     0 | D:1      | Gremour the Minotaur Monk began the quest for the Orb.
     0 | D:1      | Reached XP level 1. HP: 19/19 MP: 0/0
    92 | D:1      | Reached skill level 4 in Long Blades
   239 | D:1      | Reached XP level 2. HP: 24/26 MP: 1/1
   897 | D:2      | Reached skill level 5 in Long Blades
  1103 | D:2      | Reached XP level 3. HP: 31/31 MP: 2/2
  1969 | D:3      | Reached skill level 6 in Long Blades
  1969 | D:3      | Reached XP level 4. HP: 36/39 MP: 3/3
  2893 | D:4      | Reached skill level 7 in Long Blades
  2893 | D:4      | Reached XP level 5. HP: 43/45 MP: 4/4
  2896 | D:4      | Noticed an ogre
  2915 | D:4      | Noticed Edmund
  2924 | D:4      | Got a dazzling leather armour
  2942 | D:5      | Entered Level 5 of the Dungeon
  2965 | D:5      | Identified the +1 leather armour of Restlessness {Regen+ rCorr} (You found it on level 4 of the Dungeon)
  3206 | D:5      | Killed an ogre
  3206 | D:5      | Reached skill level 8 in Long Blades
  3206 | D:5      | Reached XP level 6. HP: 46/51 MP: 5/5
  3284 | D:5      | Gained mutation: Your body sometimes deteriorates upon taking damage. [potion of mutation]
  3284 | D:5      | Gained mutation: Your magical capacity is low. (-10% MP) [potion of mutation]
  3284 | D:5      | Gained mutation: You are weak. (Str -2) [potion of mutation]
  3284 | D:5      | Gained mutation: You have a pair of large horns on your head. [potion of mutation]
  3323 | D:5      | Slain by Edmund

Skill      XL: |  1  2  3  4  5 |
---------------+----------------+-----
Long Blades    | 4 5 6 7 8 |  8.2
Fighting       | |  3.6
Dodging        | |  3.2
Stealth        | |  1.5

Action                   |  1- 3 |  4- 6 || total
-------------------------+-------+-------++-------
Melee: Falchion          |    65 |   126 ||   191
       Headbutt          |    18 |    29 ||    47
  Use: Scroll            |     5 |     1 ||     6
       Potion            |       |    10 ||    10
 Stab: Sleeping          |     4 |       ||     4
  Eat: Bread ration      |     1 |       ||     1
       Chunk             |       |     3 ||     3
Armor: Robe              |     7 |       ||     7
       Leather armour    |     6 |       ||     6
       Chain mail        |       |    73 ||    73
       Skin              |       |    12 ||    12
Dodge: Dodged            |    42 |    48 ||    90
       Rpst.: Falchion   |    10 |    13 ||    23
